 Dungeon Crawl Stone Soup version 0.30-b1-2-g02819fbbbe (webtiles) character file.

Game seed: 11379397348352168829

103 Ashen the Caller (level 4, 0/44 HPs)
             Began as an Ogre Summoner on Sept 2, 2023.
             Was an Initiate of Sif Muna.
             Slain by Terence
             ... wielding a +4 flail of holy wrath
              (5 damage)
             ... on level 3 of the Dungeon.
             The game lasted 00:06:59 (2564 turns).

Ashen the Caller (Ogre Summoner)                    Turns: 2564, Time: 00:07:00

Health: 0/44       AC:  4    Str: 12    XL:     4   Next: 79%
Magic:  0/9        EV: 10    Int: 18    God:    Sif Muna [......]
Gold:   57         SH:  0    Dex:  9    Spells: 3/9 levels left

rFire   . . .        l - +0 flail
rCold   . . .        (no shield)
rNeg    . . .        a - +0 robe
rPois   .            (helmet restricted)
rElec   .            h - +0 cloak
rCorr   .            (gloves unavailable)
SInv    .            (boots unavailable)
Will    .....        (no amulet)
Stlth   +            (no ring)
HPRegen 0.27/turn    (no ring)
MPRegen 0.11/turn

%: no passive effects
@: no status effects
A: large, unfitting armour, tough skin 1
a: Renounce Religion


You were on level 3 of the Dungeon.
You worshipped Sif Muna.
Sif Muna was noncommittal.
You visited 1 branch of the dungeon, and saw 3 of its levels.

You collected 57 gold pieces.

Inventory:

Hand Weapons
 l - a +0 flail (weapon)
Armour
 a - a +0 robe (worn)
 h - a +0 cloak (worn)
Scrolls
 c - a scroll of brand weapon {unknown}
 d - 2 scrolls of vulnerability {unknown}
 f - a scroll of teleportation {unknown}
 g - 2 scrolls of butterflies {unknown}
 i - 2 scrolls of fear {unknown}
 j - a scroll of fog {unknown}
 k - a scroll of identify {unknown}
Potions
 b - a potion of magic
 e - a potion of curing {unknown}
 m - 2 potions of berserk rage {unknown}
 n - a potion of heal wounds {unknown}
 o - a potion of brilliance {unknown}
 p - 2 potions of attraction {unknown}


   Skills:
 + Level 2.5 Fighting
 + Level 0.3 Maces & Flails
 + Level 2.6 Dodging
 - Level 1.4 Stealth
 + Level 3.4 Spellcasting
 + Level 4.1 Summonings


You had 3 spell levels left.
You knew the following spells:

 Your Spells              Type           Power      Damage    Failure   Level
a - Summon Small Mammal   Summ           68%        N/A       3%          1
b - Call Imp              Summ           34%        N/A       4%          2
c - Call Canine Familiar  Summ           17%        N/A       9%          3

Your spell library contained the following spells:

 Spells                   Type           Power      Damage    Failure   Level
 Sting                    Tmut/Pois      12%        1d3       16%         1
 Summon Guardian Golem    Hex/Summ       10%        N/A       21%         3
 Dazzling Flash           Conj/Hex       6%         N/A       43%         3
 Portal Projectile        Hex/Tloc       6%         N/A       43%         3
 Tukima's Dance           Hex            3%         N/A       43%         3
 Volatile Blastmotes      Fire/Tloc      6%         2d10      43%         3
 Summon Lightning Spire   Summ/Air       10%        N/A       56%         4
 Anguish                  Hex/Necr       1%         N/A       83%         4
 Cause Fear               Hex            1%         N/A       83%         4
 Iskenderun's Mystic Bla  Conj/Tloc      3%         2d3       83%         4
 Blade Hands              Tmut           1%         N/A       99%         5
 Starburst                Conj/Fire      1%         6d3       100%        6
 Enfeeble                 Hex            1%         N/A       100%        7


Dungeon Overview and Level Annotations

Branches:
Dungeon (3/15)

Altars:
Sif Muna

Shops:
D:1 =

Annotations:
D:3 Terence


Innate Abilities, Weirdness & Mutations

You are too large for most types of armour.
You have tough skin. (AC +1)


Message History

Your hound bites Terence.
Terence hits your hound with a +4 flail of holy wrath.
Your hound bites Terence.
There is a shimmering blue altar of Sif Muna here.
You kneel at the altar of Sif Muna.
Sif Muna welcomes you!
Your hound bites Terence.
Terence hits your hound with a +4 flail of holy wrath!
Your hound bites Terence but does no damage.
Casting: Call Canine Familiar (dangerous; 9% risk of failure)
Confirm with . or Enter, or press ? or * to list all spells.
A tiny devil pulls itself out of the air.
Terence hits your hound with a +4 flail of holy wrath!
Your hound dies!
Your hound's corpse disappears in a puff of smoke!
Casting: Call Imp (safe; 4% risk of failure)
Confirm with . or Enter, or press ? or * to list all spells.
You don't have enough magic to cast this spell.
Your cerulean imp hits Terence but does no damage.
You see here Sif Muna's Octavo of Venin.
You pick up Sif Muna's Octavo of Venin and begin reading...
You add the spell Sting to your library.
Your cerulean imp barely misses Terence.
Terence hits you with a +4 flail of holy wrath!
Your cerulean imp hits Terence but does no damage.
Terence attacks as you move away!
Terence hits you with a +4 flail of holy wrath.
* * * LOW HITPOINT WARNING * * *
Your cerulean imp barely misses Terence.
Casting: Call Imp (safe; 4% risk of failure)
Confirm with . or Enter, or press ? or * to list all spells.
Terence hits you with a +4 flail of holy wrath!
* * * LOW HITPOINT WARNING * * *
Your cerulean imp hits Terence but does no damage.
Terence attacks as you move away! Terence closely misses you.
Your hound closely misses Terence.
Your cerulean imp closely misses Terence.
Terence attacks as you move away!
Terence hits you with a +4 flail of holy wrath.
You die...

#.....#
#.#..#.#.#......).####
#.....#
#......#.#.#...#......
#.....#
###.......>).....####.
###.###
#.####.#.).....####.
..
#.####..............
#.#
#......#.......#####
##.######.....##
#....# ##...## ##@..#
##.## ##.@.## ###
##..h## ##...##
##.5.## ##...#∩#
#...###.. #._.# ..#
##### ##


You could see Terence (ally target), a friendly hound (summoned) and a friendly
cerulean imp (summoned).

Vanquished Creatures
  A white imp (D:3)
  2 orcs (D:3)
  4 ball pythons
  3 bats
  2 endoplasms
  3 giant cockroaches
  5 goblins
  2 hobgoblins
  2 kobolds
  A quokka (D:3)
  3 frilled lizards
  5 rats (D:1)
33 creatures vanquished.

Vanquished Creatures (collateral kills)
  3 gnolls
  An adder (D:3)
  2 orcs (D:3)
  3 endoplasms (D:1)
  2 hobgoblins (D:1)
  3 kobolds
  2 quokkas
  2 ball pythons (D:1)
  A goblin (D:2)
19 creatures vanquished.

Grand Total: 52 creatures vanquished

Notes
Turn   | Place    | Note
-------+----------+-------------------------------------------
     0 | D:1      | Ashen the Ogre Summoner began the quest for the Orb.
     0 | D:1      | Reached XP level 1. HP: 16/16 MP: 3/3
   237 | D:1      | Reached XP level 2. HP: 17/26 MP: 2/5
   247 | D:1      | Reached skill level 1 in Fighting
   263 | D:1      | Found Oramp's Jewellery Shoppe.
   686 | D:1      | Reached XP level 3. HP: 22/33 MP: 4/7
   748 | D:1      | Learned a level 2 spell: Call Imp
   752 | D:1      | Learned a level 3 spell: Call Canine Familiar
  1242 | D:2      | Found a faded altar of an unknown god.
  1798 | D:3      | Reached skill level 4 in Summonings
  1798 | D:3      | Reached XP level 4. HP: 37/42 MP: 4/8
  2535 | D:3      | Found a shimmering blue altar of Sif Muna.
  2546 | D:3      | Noticed Terence
  2553 | D:3      | Became a worshipper of Sif Muna the Loreminder
  2556 | D:3      | Got Sif Muna's Octavo of Venin
  2564 | D:3      | Slain by Terence

Illustrated notes

Levels and vault maps discovered:
D:1:      mrwooster_arrival_statue, layout_basic, serial_shops, shop_fountains
D:2:      layout_rooms, dreamdust_ecumenical_altar_angels_and_demons,
          kennysheep_crisscross
D:3:      layout_loops_cross, nzn_overflow_gifts_of_might_and_magic,
          kennysheep_generic_room_11

Skill      XL: |  1  2  3 |
---------------+----------+-----
Dodging        | 2 |  2.6
Fighting       | 1 2 |  2.5
Spellcasting   | 3 |  3.4
Summonings     | 4 |  4.1
Maces & Flails | |  0.3
Stealth        | |  1.4

Action                     |  1- 3 |  4- 6 || total
---------------------------+-------+-------++-------
  Melee: Unarmed           |   197 |    11 ||   208
         Punch             |     2 |     1 ||     3
         Flail             |       |    39 ||    39
   Cast: Summon Small Mamm |    15 |       ||    15
         Call Imp          |     6 |     1 ||     7
         Call Canine Famil |     2 |     7 ||     9
   Stab: Sleeping          |     4 |     1 ||     5
         Distracted        |     1 |     1 ||     2
 Armour: Robe              |    68 |    18 ||    86
  Dodge: Dodged            |   114 |    33 ||   147
